[Event "January 9 Early 2024"]
[Site "https://www.chess.com"]
[Date "2024.01.11"]
[Round "9"]
[White "Delorme, Axel"]
[Black "Isajevsky, Anton"]
[Result "0-1"]
[Board "122"]
[TimeControl "180+1"]
[WhiteFideId "632023"]
[BlackFideId "4142500"]
[WhiteElo "2510"]
[BlackElo "2644"]
[WhiteTeam "FRA"]
[BlackTeam "RUS"]
[WhiteClock "0:00:03"]
[BlackClock "0:00:19"]

1. e4 c5 2. Nf3 d6 3. Bb5+ Nd7 4. O-O a6 5. Bxd7+ Bxd7 6. c3 Nf6 7. Re1 Bc6 8. d4 cxd4 9. cxd4 Bxe4 10. Nc3 d5 11. Bg5 e6 12. Nxe4 dxe4 13. Bxf6 gxf6 14. Rxe4 Qd5 15. Qc2 Bg7 16. Rg4 O-O 17. Rh4 h6 18. Qe2 Rac8 19. h3 Rc4 20. b3 Rc3 21. Rd1 Rfc8 22. Qe4 Rd8 23. Qg4 Kf8 24. Qh5 Rc2 25. Qg4 Rxa2 26. Rh5 f5 27. Qh4 Rc8 28. Kh2 Qe4 29. Rxh6 Qxh4 30. Rxh4 Rxf2 31. Rf4 Rcc2 32. Kg3 Rxg2+ 33. Kh4 Bf6+ 34. Kh5 Ke7 35. h4 Rc8 36. Ng5 Rh8+ 0-1

[Event "January 9 Early 2024"]
[Site "https://www.chess.com"]
[Date "2024.01.11"]
[Round "9"]
[White "Mikhailovsky, Vladimir"]
[Black "Fernandez Garcia, Gumersindo"]
[Result "1-0"]
[Board "123"]
[TimeControl "180+1"]
[WhiteFideId "34105414"]
[BlackFideId "24516740"]
[WhiteElo "2812"]
[BlackElo "2397"]
[WhiteTeam "RUS"]
[BlackTeam "ESP"]
[WhiteClock "0:00:07"]
[BlackClock "0:00:04"]

1. e4 c5 2. Nf3 g6 3. d4 cxd4 4. Qxd4 Nf6 5. Nc3 Nc6 6. Qa4 d6 7. e5 dxe5 8. Nxe5 Bd7 9. Nxd7 Qxd7 10. Be2 Bg7 11. Be3 O-O 12. Rd1 Qc8 13. O-O Rd8 14. Rxd8+ Qxd8 15. Bf3 Qe8 16. Nb5 Rc8 17. Nxa7 Nxa7 18. Qxa7 h5 19. c3 Ra8 20. Qb6 Rxa2 21. Qxb7 Ng4 22. Bb6 Rxb2 23. c4 Bd4 24. h3 Rxb6 25. Qe4 Bxf2+ 26. Kh1 Nf6 27. Qe5 Bh4 28. Qd4 Rd6 29. Qxh4 Qc8 30. Rc1 Rd2 31. c5 Nd7 32. c6 Nb8 33. Qxe7 Rd8 34. c7 Re8 35. Qxe8+ Qxe8 36. c8=Q Qxc8 37. Rxc8+ Kg7 38. Rxb8 1-0

[Event "January 9 Early 2024"]
[Site "https://www.chess.com"]
[Date "2024.01.11"]
[Round "9"]
[White "Derjabin, Ilja"]
[Black "Lima, Artur Tin Lun Dai"]
[Result "1-0"]
[Board "124"]
[TimeControl "180+1"]
[WhiteFideId "14104768"]
[BlackFideId "22773150"]
[WhiteElo "2517"]
[BlackElo "2361"]
[WhiteTeam "UKR"]
[BlackTeam "BRA"]
[WhiteClock "0:00:11"]
[BlackClock "0:00:01"]

1. d4 g6 2. c4 Bg7 3. e4 c5 4. d5 d6 5. Nc3 e6 6. Nge2 Ne7 7. Ng3 O-O 8. Be2 a6 9. a4 h5 10. Bxh5 gxh5 11. Nxh5 exd5 12. Nxg7 Kxg7 13. cxd5 Ng6 14. O-O Qf6 15. Ra3 Rh8 16. Ne2 Qh4 17. h3 Qxe4 18. b4 Nd7 19. Bb2+ f6 20. Rg3 Kf7 21. Re1 Qxb4 22. Bc3 Qc4 23. Rg4 Qa2 24. Rxg6 Kxg6 25. Nf4+ Kf7 26. Qd3 Rh6 27. Qe3 Ne5 28. Ne6 Rg6 29. Nc7 Bxh3 30. Bxe5 Rxg2+ 31. Kh1 Rh8 32. Bxf6 Kxf6 33. Qc3+ Kg6 34. Qxh8 Qxf2 35. Qxh3 1-0

[Event "January 9 Early 2024"]
[Site "https://www.chess.com"]
[Date "2024.01.11"]
[Round "9"]
[White "Aradhya, Garg"]
[Black "Demchenko, Anton"]
[Result "0-1"]
[Board "125"]
[TimeControl "180+1"]
[WhiteFideId "25006746"]
[BlackFideId "4160258"]
[WhiteElo "2732"]
[BlackElo "2941"]
[WhiteTeam "IND"]
[BlackTeam "SLO"]
[WhiteClock "0:00:05"]
[BlackClock "0:00:22"]

1. d4 Nf6 2. c4 g6 3. g3 Bg7 4. Bg2 O-O 5. Nf3 d6 6. Nc3 Re8 7. O-O Bd7 8. e4 e5 9. h3 Nc6 10. Be3 exd4 11. Nxd4 Qc8 12. Nxc6 bxc6 13. Kh2 Rb8 14. Qd2 c5 15. Rad1 Bc6 16. f3 Nd7 17. b3 Qb7 18. h4 Qb4 19. Rc1 Ne5 20. Bh6 Bh8 21. h5 a5 22. hxg6 hxg6 23. Nd5 Qxd2 24. Bxd2 Bxd5 25. cxd5 a4 26. Rb1 axb3 27. Rxb3 Ra8 28. Rb7 Rxa2 29. Bf4 Rc8 30. Kh1 Bf6 31. Bh3 Rca8 32. Rxc7 Kg7 33. Rc8 R8a3 34. Bg2 Rc3 35. Rc7 Rcc2 36. Rg1 Nxf3 37. Rf1 Rxg2 38. Rxf3 Rgb2 39. Rf1 Rh2+ 40. Kg1 Rag2# 0-1

[Event "January 9 Early 2024"]
[Site "https://www.chess.com"]
[Date "2024.01.11"]
[Round "9"]
[White "Petersson, Kjell"]
[Black "Petrukhina, Olga"]
[Result "1-0"]
[Board "126"]
[TimeControl "180+1"]
[WhiteFideId "1705148"]
[BlackFideId "13703935"]
[WhiteElo "2144"]
[BlackElo "2274"]
[WhiteTeam "SWE"]
[BlackTeam "KAZ"]
[WhiteClock "0:00:19"]
[BlackClock "0:00:02"]

1. d4 e6 2. Bf4 Nf6 3. e3 c5 4. c3 cxd4 5. exd4 d6 6. Nf3 b6 7. Nbd2 Bb7 8. Bd3 Be7 9. O-O O-O 10. Qc2 Nbd7 11. Rfe1 Re8 12. Ne4 Nxe4 13. Bxe4 Bxe4 14. Qxe4 Nf6 15. Qd3 Qc7 16. a4 a6 17. h3 Qb7 18. Bg5 h6 19. Bh4 b5 20. axb5 axb5 21. Nd2 d5 22. Nb3 Qc6 23. Bxf6 Bxf6 24. Nc5 e5 25. dxe5 Bxe5 26. Nb3 Qc4 27. Qc2 d4 28. Rxa8 Rxa8 29. Rxe5 dxc3 30. Qxc3 Qf4 31. Qe3 Qc4 32. Nd2 Qc1+ 33. Kh2 Kh7 34. Qd3+ g6 35. Re7 Rf8 36. Nf3 Qc8 37. Qd7 Qb8+ 38. g3 Kg7 39. Qd4+ Kg8 40. Qf4 Qc8 41. Qxh6 Qd8 42. Ng5 1-0

[Event "January 9 Early 2024"]
[Site "https://www.chess.com"]
[Date "2024.01.11"]
[Round "9"]
[White "Keymer, Vincent"]
[Black "Liascovich, Lucas"]
[Result "1-0"]
[Board "127"]
[TimeControl "180+1"]
[WhiteFideId "12940690"]
[BlackFideId "108634"]
[WhiteElo "3036"]
[BlackElo "2913"]
[WhiteTeam "GER"]
[BlackTeam "ARG"]
[WhiteClock "0:00:05"]
[BlackClock "0:00:10"]

1. Nf3 d5 2. e3 Nf6 3. c4 e6 4. Nc3 Be7 5. b3 O-O 6. Bb2 b6 7. cxd5 exd5 8. d4 Bb7 9. Bd3 Nbd7 10. O-O Re8 11. Ne5 Bb4 12. Ne2 Ne4 13. Ng3 Nxg3 14. hxg3 Nf6 15. f3 Bd6 16. Qc2 c5 17. g4 h6 18. Qf2 Nd7 19. Bb5 Nxe5 20. dxe5 Rxe5 21. Bxe5 Bxe5 22. Rad1 Qe7 23. f4 Bc3 24. Kh2 Rd8 25. Qg3 a6 26. Be2 Re8 27. Bf3 Qxe3 28. Bxd5 Bxd5 29. Qxe3 Rxe3 30. Rxd5 Bd4 31. Rd6 b5 32. Rxa6 b4 33. g5 h5 34. f5 Kh7 35. Ra7 f6 36. g6+ Kh6 37. Rf3 Re7 38. Rxe7 1-0

[Event "January 9 Early 2024"]
[Site "https://www.chess.com"]
[Date "2024.01.11"]
[Round "9"]
[White "Rietze, Clemens, Dr."]
[Black "Vincenti, Leonardo"]
[Result "1-0"]
[Board "128"]
[TimeControl "180+1"]
[WhiteFideId "24620351"]
[BlackFideId "28550820"]
[WhiteElo "2520"]
[BlackElo "2230"]
[WhiteTeam "GER"]
[BlackTeam "ITA"]
[WhiteClock "0:00:18"]
[BlackClock "0:00:01"]

1. d4 Nf6 2. c4 g6 3. f3 Bg7 4. e4 d6 5. Nc3 O-O 6. Be3 e5 7. d5 a5 8. Bd3 Nh5 9. Qd2 Qh4+ 10. g3 Nxg3 11. Bf2 Bh6 12. Qc2 Bf4 13. Nce2 Na6 14. hxg3 Qxh1 15. gxf4 Nb4 16. Qd2 Nxd3+ 17. Qxd3 Qh2 18. Bg3 Qh5 19. O-O-O f6 20. Kb1 Qh6 21. c5 Bd7 22. Rc1 a4 23. fxe5 fxe5 24. Nc3 a3 25. b3 Rfc8 26. Nge2 Qf8 27. f4 exf4 28. Nxf4 dxc5 29. Ka1 c6 30. e5 cxd5 31. Ncxd5 Bc6 32. Nf6+ Kg7 33. Ne6+ Kh8 34. Nxf8 Rd8 35. N8d7 Bxd7 36. Nxd7 b5 37. e6 Ra7 38. Be5+ Kg8 39. Qf3 Raxd7 40. exd7 Rxd7 41. Qf6 Rg7 42. Qxg7# 1-0

[Event "January 9 Early 2024"]
[Site "https://www.chess.com"]
[Date "2024.01.11"]
[Round "9"]
[White "Csonka, Balazs"]
[Black "Erzhanov, Arman"]
[Result "0-1"]
[Board "129"]
[TimeControl "180+1"]
[WhiteFideId "742910"]
[BlackFideId "4138821"]
[WhiteElo "2698"]
[BlackElo "2559"]
[WhiteTeam "HUN"]
[BlackTeam "KAZ"]
[WhiteClock "0:00:02"]
[BlackClock "0:00:28"]

1. d4 d6 2. e4 Nf6 3. Nc3 c6 4. Nf3 Bg4 5. h3 Bxf3 6. Qxf3 e6 7. Bd2 d5 8. O-O-O Bb4 9. e5 Nfd7 10. Qg4 g6 11. Bd3 h5 12. Qg3 Rg8 13. h4 a6 14. Kb1 c5 15. Bg5 Qa5 16. Nxd5 exd5 17. e6 fxe6 18. c3 Bxc3 19. bxc3 cxd4 20. Rhe1 Qb6+ 21. Ka1 Nf8 22. Qf4 Nbd7 23. cxd4 Rc8 24. Rb1 Qc7 25. Qxc7 Rxc7 26. Bf4 Rc3 27. Re3 b5 28. Bxb5 Rxe3 29. Bxd7+ Nxd7 30. fxe3 Ke7 31. Rb7 Rc8 32. Kb2 Rc6 33. Kb3 Rc1 34. Ka4 Rc2 35. a3 Rxg2 36. Ka5 Ra2 37. Rb3 e5 38. dxe5 Ke6 39. Kxa6 Nc5+ 40. Kb5 Nxb3 41. a4 d4 42. exd4 Nxd4+ 43. Kb4 Nc6+ 44. Kb5 Nxe5 0-1

[Event "January 9 Early 2024"]
[Site "https://www.chess.com"]
[Date "2024.01.11"]
[Round "9"]
[White "Srihari L R"]
[Black "Kurmangaliyeva, Liya"]
[Result "1/2-1/2"]
[Board "130"]
[TimeControl "180+1"]
[WhiteFideId "46617116"]
[BlackFideId "13725831"]
[WhiteElo "2668"]
[BlackElo "2550"]
[WhiteTeam "IND"]
[BlackTeam "KAZ"]
[WhiteClock "0:00:28"]
[BlackClock "0:00:25"]

1. c4 e6 2. Nf3 d5 3. e3 Nf6 4. Nc3 Nbd7 5. b3 c6 6. Bb2 Bd6 7. d4 O-O 8. Bd3 Qe7 9. O-O b6 10. e4 dxc4 11. bxc4 e5 12. Ne2 Bb7 13. Re1 Rfe8 14. h3 Bc7 15. Rc1 Rad8 16. Bb1 exd4 17. Nexd4 Ne5 18. Qc2 c5 19. Nf5 Nxf3+ 20. gxf3 Qe6 21. Qc3 Be5 22. Qxe5 Qxe5 23. Bxe5 Rxe5 24. Red1 Rxd1+ 25. Rxd1 g6 26. Nd6 Ba6 27. f4 Re6 28. e5 Ne8 29. Be4 Kf8 30. Bc6 Nc7 31. Bd5 Re7 32. Bxf7 b5 33. cxb5 Bxb5 34. Bb3 Bd7 35. Kg2 Be6 36. Kg3 Bxb3 37. axb3 Ne6 38. Rd5 Rc7 39. f5 gxf5 40. Nxf5 c4 41. bxc4 Rxc4 42. Rd7 Ng5 43. Rxa7 Rc3+ 44. Kg4 Nxh3 45. f4 Nf2+ 46. Kh4 Rh3+ 47. Kg5 Ne4+ 48. Kg4 Nf2+ 49. Kg5 Ne4+ 50. Kg4 Nf2+ 51. Kg5 1/2-1/2

[Event "January 9 Early 2024"]
[Site "https://www.chess.com"]
[Date "2024.01.11"]
[Round "9"]
[White "Kvaloy, Aksel Bu"]
[Black "Onufrienko, Vladislav"]
[Result "1-0"]
[Board "131"]
[TimeControl "180+1"]
[WhiteFideId "1528815"]
[BlackFideId "13804332"]
[WhiteElo "2736"]
[BlackElo "2610"]
[WhiteTeam "NOR"]
[BlackTeam "KGZ"]
[WhiteClock "0:00:16"]
[BlackClock "0:00:01"]

1. d4 d5 2. Nf3 Nf6 3. Bf4 c5 4. e3 Nc6 5. Nbd2 Qb6 6. dxc5 Qxb2 7. Rb1 Qa3 8. Bb5 Bd7 9. O-O e6 10. c4 Qxc5 11. cxd5 Nxd5 12. Bxc6 Bxc6 13. Be5 Nc3 14. Bxc3 Qxc3 15. Nd4 Rd8 16. Rc1 Qa5 17. N2b3 Qa6 18. Qc2 Bd7 19. Rfd1 Ba3 20. Nc5 Qb6 21. Nxd7 Rxd7 22. Rb1 Qd8 23. Qa4 O-O 24. Nxe6 Rxd1+ 25. Rxd1 Qe8 26. Qxa3 fxe6 27. Qxa7 Qf7 28. e4 h6 29. Rb1 Rc8 30. h3 Rc7 31. Qd4 Kh7 32. g3 Rc2 33. Rb2 Rc1+ 34. Kg2 Qe7 35. e5 Rc7 36. Qe4+ Kg8 37. Rd2 Rd7 38. Rc2 Rc7 39. Rxc7 Qxc7 40. a4 Kf7 41. h4 Kg8 42. h5 1-0

[Event "January 9 Early 2024"]
[Site "https://www.chess.com"]
[Date "2024.01.11"]
[Round "9"]
[White "Al-Tarboush, Ward"]
[Black "Martinez Pla, Xavier"]
[Result "0-1"]
[Board "132"]
[TimeControl "180+1"]
[WhiteFideId "7601450"]
[BlackFideId "32074271"]
[WhiteElo "2605"]
[BlackElo "2473"]
[WhiteTeam "NOR"]
[BlackTeam "ESP"]
[WhiteClock "0:00:08"]
[BlackClock "0:00:16"]

1. e4 c5 2. Nf3 a6 3. c3 g6 4. e5 d5 5. exd6 Qxd6 6. d4 cxd4 7. Nxd4 e5 8. Qe2 Bg7 9. Nd2 Ne7 10. Nc4 Qc7 11. Nf3 Nbc6 12. Be3 b5 13. Bb6 Qb8 14. Bc5 bxc4 15. Qxc4 Be6 16. Qa4 O-O 17. Bd3 Qxb2 18. O-O Qxc3 19. Bxe7 Nxe7 20. Be4 Bd5 21. Rfc1 Qb2 22. Bxd5 Nxd5 23. Rab1 Nc3 24. Rxb2 Nxa4 25. Rb4 Rfc8 26. Re1 Nc3 27. h4 e4 28. Ng5 h6 29. Nh3 Nxa2 30. Rb7 Nc3 31. Nf4 a5 32. f3 exf3 33. gxf3 a4 34. Ree7 Rf8 35. Nxg6 Bd4+ 36. Kg2 fxg6 37. Red7 Rad8 38. Rdc7 a3 39. Rc6 Rf6 40. Rcc7 Rfd6 41. Rb3 a2 42. Ra3 R6d7 43. Rc4 Ra7 44. Rxd4 Rxa3 45. Rxd8+ Kf7 46. Rd7+ Ke6 0-1

[Event "January 9 Early 2024"]
[Site "https://www.chess.com"]
[Date "2024.01.11"]
[Round "9"]
[White "Kosteniuk, Alexandra"]
[Black "Ter-Sahakyan, Samvel"]
[Result "0-1"]
[Board "133"]
[TimeControl "180+1"]
[WhiteFideId "4128125"]
[BlackFideId "13302531"]
[WhiteElo "2755"]
[BlackElo "2913"]
[WhiteTeam "SUI"]
[BlackTeam "ARM"]
[WhiteClock "0:00:06"]
[BlackClock "0:00:09"]

1. e4 c5 2. d4 cxd4 3. Qxd4 Nc6 4. Qd3 Nf6 5. Nc3 e6 6. Nf3 Bb4 7. Bd2 O-O 8. O-O-O d5 9. e5 Bxc3 10. Bxc3 Ne4 11. Qe3 Nxc3 12. Qxc3 Qb6 13. Rd2 Bd7 14. Qb3 Qc5 15. h4 Rfc8 16. h5 h6 17. Rh4 a5 18. a3 Rab8 19. Rg4 b5 20. Kb1 Kh8 21. Rf4 Qe7 22. Qe3 b4 23. a4 Nd8 24. b3 Rc3 25. Bd3 Nb7 26. Rf6 Qf8 27. Rf4 Nc5 28. Nh4 Kg8 29. Rg4 Bxa4 30. Qxh6 Nxd3 31. Rxd3 Rxd3 32. cxd3 Bxb3 33. Qf6 Kh7 34. Qf4 Rc8 35. Ng6 Qc5 36. Nf8+ Qxf8 0-1

[Event "January 9 Early 2024"]
[Site "https://www.chess.com"]
[Date "2024.01.11"]
[Round "9"]
[White "Joie, Sebastien"]
[Black "Kekic, Armin"]
[Result "1-0"]
[Board "134"]
[TimeControl "180+1"]
[WhiteFideId "650420"]
[BlackFideId "14401274"]
[WhiteElo "2453"]
[BlackElo "2328"]
[WhiteTeam "FRA"]
[BlackTeam "BIH"]
[WhiteClock "0:00:07"]
[BlackClock "0:00:19"]

1. d4 d6 2. c4 e5 3. d5 Nf6 4. Nc3 Be7 5. e4 Nbd7 6. Bd3 a5 7. Nge2 Nc5 8. Bc2 O-O 9. O-O Bd7 10. Ng3 g6 11. f4 exf4 12. Bxf4 Bg4 13. Qd2 Nh5 14. Nxh5 Bxh5 15. e5 g5 16. exd6 cxd6 17. Be3 Bg6 18. Bd4 Nd7 19. Rae1 f6 20. Re6 Ne5 21. Bxe5 dxe5 22. Bxg6 hxg6 23. d6 Qb6+ 24. Kh1 Bd8 25. Nd5 Qd4 26. Qc2 Rc8 27. Qxg6+ Kh8 28. Qh6+ Kg8 29. Rexf6 Bxf6 30. Nxf6+ Rxf6 31. Qxf6 Qxc4 32. d7 Qxf1+ 33. Qxf1 Rd8 34. Qd1 Kf7 35. Qd6 e4 36. h3 e3 37. Kg1 b5 38. Kf1 b4 39. Ke2 a4 40. Kxe3 b3 41. axb3 axb3 42. Ke4 g4 43. hxg4 1-0

[Event "January 9 Early 2024"]
[Site "https://www.chess.com"]
[Date "2024.01.11"]
[Round "9"]
[White "Goryachkina, Aleksandra"]
[Black "Kanyamarala, Trisha"]
[Result "1-0"]
[Board "135"]
[TimeControl "180+1"]
[WhiteFideId "4147103"]
[BlackFideId "45004722"]
[WhiteElo "2658"]
[BlackElo "2517"]
[WhiteTeam "FID"]
[BlackTeam "IRL"]
[WhiteClock "0:00:25"]
[BlackClock "0:00:01"]

1. e4 c5 2. Nf3 Nc6 3. Bb5 g6 4. Bxc6 dxc6 5. d3 Bg7 6. O-O e5 7. h3 Ne7 8. Be3 b6 9. a3 O-O 10. b4 cxb4 11. axb4 Be6 12. Nbd2 h6 13. Nc4 Qc7 14. Qc1 Kh7 15. Qb2 f5 16. Qc3 fxe4 17. dxe4 Bxh3 18. Ra3 Bg4 19. Nh2 Be6 20. Rfa1 Bxc4 21. Qxc4 g5 22. Ra6 Ng6 23. Bxb6 Qd7 24. Bc5 Rf7 25. Be3 Nh4 26. Qxc6 Qd8 27. g3 Rc8 28. Qe6 Rf6 29. Qg4 Ng6 30. Rxf6 Bxf6 31. Rxa7+ Rc7 32. Bb6 Rxa7 33. Bxd8 Bxd8 34. Qc8 Be7 35. b5 Ra1+ 36. Kg2 h5 37. b6 h4 38. b7 g4 39. Qxg4 Rb1 40. Qc8 h3+ 41. Kxh3 Nf4+ 42. gxf4 exf4 43. b8=Q 1-0

[Event "January 9 Early 2024"]
[Site "https://www.chess.com"]
[Date "2024.01.11"]
[Round "9"]
[White "Quirke, Jeffrey"]
[Black "Buchenau, Frank"]
[Result "1/2-1/2"]
[Board "136"]
[TimeControl "180+1"]
[WhiteFideId "2013029"]
[BlackFideId "4604350"]
[WhiteElo "2140"]
[BlackElo "2393"]
[WhiteTeam "USA"]
[BlackTeam "GER"]
[WhiteClock "0:00:10"]
[BlackClock "0:00:15"]

1. e4 e6 2. d4 d5 3. Bd3 dxe4 4. Bxe4 Nf6 5. Bf3 c5 6. Ne2 Nc6 7. Be3 cxd4 8. Nxd4 Ne5 9. Nc3 a6 10. O-O Bb4 11. Ne4 Nd5 12. Bg5 Be7 13. Bxe7 Qxe7 14. Be2 O-O 15. Qd2 Rd8 16. c4 Nb4 17. Qc3 b6 18. a3 Nbc6 19. Rad1 Bb7 20. Nxc6 Nxc6 21. f4 f5 22. Ng5 e5 23. c5 Nd4 24. Bc4+ Bd5 25. Rfe1 Qxc5 26. Bxd5+ Rxd5 27. Qxc5 bxc5 28. fxe5 Re8 29. e6 h6 30. Nf3 Nxf3+ 31. gxf3 Rxe6 32. Rxd5 Rxe1+ 33. Kf2 Rb1 34. Rxc5 Rxb2+ 35. Kg3 f4+ 36. Kxf4 Rxh2 37. Ra5 Kh7 38. Rxa6 h5 39. Kg3 Ra2 40. a4 g6 41. a5 Kh6 42. Ra8 Ra4 43. a6 Kg5 44. a7 h4+ 45. Kh3 Ra3 46. Kg2 Ra2+ 47. Kh3 Ra3 48. Kg2 Ra2+ 49. Kh3 Ra3 1/2-1/2

[Event "January 9 Early 2024"]
[Site "https://www.chess.com"]
[Date "2024.01.11"]
[Round "9"]
[White "Gavrilov, Maxim"]
[Black "Yagupov, Igor"]
[Result "1-0"]
[Board "137"]
[TimeControl "180+1"]
[WhiteFideId "24271454"]
[BlackFideId "4113632"]
[WhiteElo "2455"]
[BlackElo "2608"]
[WhiteTeam "RUS"]
[BlackTeam "RUS"]
[WhiteClock "0:00:31"]
[BlackClock "0:00:04"]

1. d4 d5 2. c4 c6 3. Nc3 Nf6 4. e3 e6 5. Nf3 Nbd7 6. Bd3 dxc4 7. Bxc4 b5 8. Bd3 Bd6 9. O-O O-O 10. Qc2 Bb7 11. e4 e5 12. Bg5 exd4 13. e5 Nxe5 14. Bxh7+ Kh8 15. Nxd4 Be7 16. Nf5 Qd3 17. Qxd3 Nxd3 18. Nxe7 Nxh7 19. Be3 Rfe8 20. Nf5 Rad8 21. Rad1 Nf6 22. b3 a6 23. Bd4 Ne5 24. f3 Kh7 25. Bb6 Rxd1 26. Rxd1 Bc8 27. Nd6 Rh8 28. Bd4 Ned7 29. Nxf7 Rf8 30. Ng5+ Kg6 31. Ne6 Re8 32. Nf4+ Kf7 33. Kf2 c5 34. Be3 Bb7 35. Ncd5 Nxd5 36. Nxd5 c4 37. bxc4 bxc4 38. Nc3 Ne5 39. Rd4 Rc8 40. Bf4 Nd3+ 41. Ke3 Ke6 42. Bg3 Re8 43. Kd2 g5 44. Rd6+ Kf5 45. Rd7 Bc6 46. Rc7 Re6 47. Ne2 Kg6 48. Nd4 1-0

[Event "January 9 Early 2024"]
[Site "https://www.chess.com"]
[Date "2024.01.11"]
[Round "9"]
[White "Matveeva, Olga"]
[Black "Adel, Sara"]
[Result "0-1"]
[Board "138"]
[TimeControl "180+1"]
[WhiteFideId "24107018"]
[BlackFideId "10616764"]
[WhiteElo "2391"]
[BlackElo "2230"]
[WhiteTeam "RUS"]
[BlackTeam "EGY"]
[WhiteClock "0:00:07"]
[BlackClock "0:00:18"]

1. d4 Nf6 2. c4 g6 3. g3 Bg7 4. Bg2 O-O 5. Nc3 Nc6 6. Nf3 d6 7. O-O e5 8. d5 Ne7 9. e4 Nh5 10. Ne1 a5 11. Nd3 b6 12. f4 f5 13. fxe5 Bxe5 14. Nxe5 dxe5 15. exf5 Qd6 16. Ne4 Qb4 17. fxg6 Rxf1+ 18. Qxf1 hxg6 19. Bh6 Bf5 20. b3 Kh7 21. Bg5 Rf8 22. Qe2 Bxe4 23. Bxe4 Qc3 24. Qxh5+ Kg8 25. Qd1 Nf5 26. Rc1 Qb4 27. Bxf5 Qc5+ 28. Kh1 Rxf5 29. Qe2 Rxg5 30. Rf1 Qd4 31. Qf3 Rf5 32. Qg2 e4 33. h4 e3 34. d6 cxd6 35. Qa8+ Kh7 36. Qb7+ Kh6 37. Rg1 e2 0-1

[Event "January 9 Early 2024"]
[Site "https://www.chess.com"]
[Date "2024.01.11"]
[Round "9"]
[White "Cuenca Jimenez, Jose Fernando"]
[Black "Xu, Yi"]
[Result "0-1"]
[Board "139"]
[TimeControl "180+1"]
[WhiteFideId "2255570"]
[BlackFideId "8605564"]
[WhiteElo "2684"]
[BlackElo "2861"]
[WhiteTeam "ESP"]
[BlackTeam "CHN"]
[WhiteClock "0:00:02"]
[BlackClock "0:00:16"]

1. d4 Nf6 2. Bf4 c5 3. d5 b5 4. e4 Nxe4 5. Qf3 Qa5+ 6. Nd2 Nxd2 7. Bxd2 Qb6 8. a4 bxa4 9. Bc3 d6 10. Rxa4 Nd7 11. Nh3 Bb7 12. Bc4 e5 13. Ng5 Nf6 14. O-O Be7 15. b3 a6 16. Ne4 Nxe4 17. Qxe4 O-O 18. Rfa1 f5 19. Qe2 Bf6 20. Ba5 Qa7 21. Bc3 Qb6 22. Ba5 Qa7 23. Bc3 Kh8 24. Bxa6 Bxd5 25. Qd2 Bc6 26. Bb5 Qc7 27. Rxa8 Bxa8 28. Bc4 Qb7 29. Bf1 d5 30. Qe2 d4 31. Bd2 e4 32. Qa6 e3 33. Be1 e2 34. Qxe2 d3 35. Qd1 dxc2 36. Qc1 Bxa1 37. Qxa1 Qxb3 38. Qc1 Qb1 39. Bd2 Qxc1 40. Bxc1 Rd8 41. f3 Rd1 0-1

[Event "January 9 Early 2024"]
[Site "https://www.chess.com"]
[Date "2024.01.11"]
[Round "9"]
[White "Huschenbeth, Niclas"]
[Black "Cordoba Roa, Angel Gabriel"]
[Result "0-1"]
[Board "140"]
[TimeControl "180+1"]
[WhiteFideId "24604747"]
[BlackFideId "3957624"]
[WhiteElo "2463"]
[BlackElo "2627"]
[WhiteTeam "GER"]
[BlackTeam "COL"]
[WhiteClock "0:00:01"]
[BlackClock "0:00:43"]

1. e4 e5 2. Nf3 Nc6 3. Bc4 Nf6 4. d4 exd4 5. e5 d5 6. Bb5 Nd7 7. Bxc6 bxc6 8. O-O Be7 9. Nxd4 Nb8 10. Nc3 O-O 11. Qf3 Bb7 12. Nf5 Re8 13. Qg4 g6 14. Nh6+ Kg7 15. Nf5+ Kg8 16. Re1 Bc8 17. Nxe7+ Qxe7 18. Qg3 Nd7 19. Bg5 Qc5 20. Bf6 Nxf6 21. exf6 Bf5 22. Qg5 Qd6 23. Re7 Rxe7 24. fxe7 Re8 25. Re1 Be6 26. f4 Qxe7 27. Qxe7 Rxe7 28. Na4 Kf8 29. Nc5 Bf5 30. Rxe7 Kxe7 31. c3 a5 32. a4 Bc2 33. Kf2 f6 34. Ke3 g5 35. fxg5 fxg5 36. Kd4 h5 37. Ke5 h4 38. b4 axb4 39. cxb4 Kd8 40. a5 Kc8 41. g3 hxg3 42. hxg3 Kb8 43. Ne6 g4 44. Nd4 Ba4 45. Kf4 Kb7 46. Kxg4 Ka6 47. Kf4 c5 48. bxc5 Kxa5 49. Ke5 c6 50. Kd6 Kb4 51. g4 Kc4 52. Ne6 d4 53. g5 d3 54. g6 d2 55. g7 d1=Q+ 56. Ke7 Qg4 0-1

[Event "January 9 Early 2024"]
[Site "https://www.chess.com"]
[Date "2024.01.11"]
[Round "9"]
[White "Thake, Conrad"]
[Black "Biriukov, Ilja"]
[Result "0-1"]
[Board "141"]
[TimeControl "180+1"]
[WhiteFideId "5602947"]
[BlackFideId "4113373"]
[WhiteElo "1857"]
[BlackElo "2247"]
[WhiteTeam "MLT"]
[BlackTeam "RUS"]
[WhiteClock "0:00:02"]
[BlackClock "0:00:21"]

1. c4 e5 2. Nc3 f5 3. g3 Nf6 4. Bg2 Bc5 5. e3 Nc6 6. Nge2 e4 7. O-O Ne5 8. b3 d6 9. Nf4 g5 10. Nfd5 O-O 11. Nxf6+ Qxf6 12. Nd5 Qf7 13. b4 Bb6 14. Qb3 Be6 15. a4 Bxd5 16. cxd5 c5 17. a5 Bd8 18. bxc5 dxc5 19. f4 gxf4 20. exf4 Nd3 21. Bb2 Nxb2 22. Qxb2 Bf6 23. Qb3 Bxa1 24. Rxa1 Rfd8 25. d3 Qxd5 26. Qxd5+ Rxd5 27. dxe4 fxe4 28. Bxe4 Rd7 29. Rb1 Rb8 30. Rb5 Rc7 31. Bd5+ Kg7 32. Bc4 b6 33. axb6 axb6 34. Kf2 Rd7 35. Kf3 Rd4 36. Be6 Rb4 37. Rxb4 cxb4 38. f5 Kf6 39. Ke4 Rd8 40. g4 h6 41. h4 Rd1 42. Bc4 Re1+ 43. Kd5 Re3 0-1

[Event "January 9 Early 2024"]
[Site "https://www.chess.com"]
[Date "2024.01.11"]
[Round "9"]
[White "Iskusnyh, Sergei"]
[Black "Bournel, Antoine"]
[Result "0-1"]
[Board "142"]
[TimeControl "180+1"]
[WhiteFideId "4120027"]
[BlackFideId "26093553"]
[WhiteElo "2670"]
[BlackElo "2566"]
[WhiteTeam "RUS"]
[BlackTeam "FRA"]
[WhiteClock "0:00:39"]
[BlackClock "0:00:02"]

1. d4 Nf6 2. c4 c5 3. d5 e6 4. Nc3 exd5 5. cxd5 Bd6 6. Nf3 Bc7 7. Bg5 Ba5 8. e3 d6 9. Bd3 h6 10. Bxf6 gxf6 11. O-O a6 12. Ne4 b5 13. a4 c4 14. Bc2 Qe7 15. axb5 axb5 16. Nd4 b4 17. Nc6 Nxc6 18. dxc6 O-O 19. Nxd6 Be6 20. Nxc4 Bc7 21. Qd3 f5 22. Rxa8 Rxa8 23. Bb3 Rd8 24. Qc2 Qc5 25. Qe2 Qb5 26. g3 Rd6 27. Re1 Rxc6 28. Nd2 Qxe2 29. Rxe2 Rc1+ 30. Kg2 Be5 31. Bxe6 fxe6 32. b3 Bc3 33. Nf3 Rb1 34. Nd4 Kf7 35. f4 Bxd4 36. exd4 Rxb3 37. Re5 Rd3 38. Rb5 Rxd4 39. Kh3 Kf6 40. Kh4 Rc4 41. Kh5 Rc2 42. h4 Rg2 43. Rxb4 Rxg3 44. Kxh6 Rg6+ 45. Kh5 Rg8 0-1

[Event "January 9 Early 2024"]
[Site "https://www.chess.com"]
[Date "2024.01.11"]
[Round "9"]
[White "Vlassov, Nikolai"]
[Black "Bryakin, Mikhail"]
[Result "0-1"]
[Board "143"]
[TimeControl "180+1"]
[WhiteFideId "4103360"]
[BlackFideId "4165314"]
[WhiteElo "2666"]
[BlackElo "2852"]
[WhiteTeam "FID"]
[BlackTeam "SRB"]
[WhiteClock "0:00:07"]
[BlackClock "0:00:17"]

1. e4 c6 2. d4 d5 3. f3 g6 4. Nc3 Bg7 5. Be3 Qb6 6. Na4 Qa5+ 7. c3 dxe4 8. fxe4 e5 9. b4 Qc7 10. Nf3 Nf6 11. Nxe5 Nxe4 12. Qf3 Nd6 13. Bf4 O-O 14. Be2 Qe7 15. O-O Bf5 16. Rae1 Be4 17. Qe3 f5 18. Nc5 b6 19. Nxe4 fxe4 20. Bg5 Qe8 21. Rxf8+ Bxf8 22. Ng4 Nd7 23. Bd1 h5 24. Bb3+ Kh7 25. Nf6+ Nxf6 26. Bxf6 Bh6 27. Qg3 Qd7 28. Be5 Nf5 29. Qh3 e3 30. g4 hxg4 31. Qxg4 Re8 32. Re2 Bg7 33. Rg2 Re6 34. Bxe6 Qxe6 35. Bxg7 Kxg7 36. Re2 Qc4 37. Kg2 Qxc3 38. Qe4 Qxb4 39. Qe5+ Kh6 40. Qf4+ Kg7 41. Qe5+ Kh7 42. Qc7+ Kh6 43. Qf4+ Kh5 44. Qf3+ Kg5 45. Rxe3 Nh4+ 46. Kg3 Nxf3 47. Rxf3 Qxd4 0-1